 Dungeon Crawl Stone Soup version 0.25.0-26-g0c896c7088 (webtiles) character file.

Game seed: 2704779578544457355

16361 protoss039 the Eclecticist (level 12, -4/65 HPs)
             Began as a Deep Elf Ice Elementalist on July 5, 2020.
             Was an Elder of Vehumet.
             Shot with an arrow by a centaur warrior (23 damage)
             ... on level 13 of the Dungeon.
             The game lasted 01:37:15 (17141 turns).

protoss039 the Eclecticist (DEIE)                  Turns: 17141, Time: 01:37:16

Health: -4/65      AC: 11    Str:  5    XL:     12   Next: 9%
Magic:  16/42      EV: 12    Int: 28    God:    Vehumet [****..]
Gold:   889        SH:  0    Dex: 18    Spells: 10/41 levels left

rFire    . . .     SeeInvis .   P - +1 quarterstaff of the Undead {freeze, Int+2 Dex+3}
rCold    + . .     Gourm    .   (shield currently unavailable)
rNeg     . . .     Faith    .   w - +1 leather armour {rC+}
rPois    .         Spirit   .   I - +0 helmet
rElec    .         Reflect  .   q - +0 cloak
rCorr    .         Harm     .   j - +0 pair of gloves
MR       ++...                  N - +2 pair of boots
Stlth    ++........             (no amulet)
HPRegen  0.20/turn              h - ring of protection from magic
MPRegen  0.28/turn              s - ring of magical power

@: no status effects
A: no striking features
a: Renounce Religion


You were on level 13 of the Dungeon.
You worshipped Vehumet.
Vehumet was greatly pleased with you.
You were not hungry.

You visited 1 branch of the dungeon, and saw 13 of its levels.

You collected 889 gold pieces.

Inventory:

Hand Weapons
 O - the +1 rapier "Duzad" {flame, rF- rN++}
   (You found it on level 11 of the Dungeon)

   It has been specially enchanted to burn those struck by it, causing extra
   injury to most foes and up to half again as much damage against particularly
   susceptible opponents.
   It makes you vulnerable to fire.
   It greatly protects you from negative energy.
 P - the +1 quarterstaff of the Undead (weapon) {freeze, Int+2 Dex+3}
   (You found it on level 10 of the Dungeon)

   It has been specially enchanted to freeze those struck by it, causing extra
   injury to most foes and up to half again as much damage against particularly
   susceptible opponents.
   It can also slow down cold-blooded creatures.
   It affects your intelligence (+2).
   It affects your dexterity (+3).
Missiles
 b - 306 stones (quivered)
 L - 2 silver boomerangs
Armour
 j - a +0 pair of gloves (worn)
 q - a +0 cloak (worn)
 w - a +1 leather armour of cold resistance (worn)
 I - a +0 helmet (worn)
 K - a +0 leather armour of positive energy
 N - a +2 pair of boots (worn)
 Q - +0 fire dragon scales
Jewellery
 h - a ring of protection from magic (left hand)
 o - a +4 ring of slaying
 s - a ring of magical power (right hand)
 x - an uncursed ring of flight
 H - an uncursed ring of poison resistance
Wands
 e - a wand of flame (1)
 p - a wand of acid (21)
 v - a wand of iceblast (28)
 M - a wand of disintegration (30)
 S - a wand of digging (7)
Scrolls
 d - 3 scrolls of blinking
 f - 8 scrolls of teleportation
 i - 7 scrolls of remove curse
 n - a scroll of enchant weapon
 r - 3 scrolls of enchant armour
 t - 6 scrolls of amnesia
 u - a scroll of fear
 y - a scroll of fog
 A - a scroll of brand weapon
 B - a scroll of immolation
 F - 2 scrolls of magic mapping
Potions
 a - 3 potions of flight
 g - a potion of stabbing
 k - 2 potions of haste {unknown}
 l - 2 potions of curing
 m - 4 potions of berserk rage {unknown}
 z - 2 potions of brilliance {unknown}
 C - 3 potions of cancellation {unknown}
 D - 2 potions of magic {unknown}
 E - 2 potions of degeneration {unknown}
 G - a potion of lignification {unknown}
 U - a potion of heal wounds
Comestibles
 c - 23 rations
 J - 10 chunks of flesh


   Skills:
 + Level 3.6 Fighting
 - Level 5.8 Short Blades
 + Level 2.7 Staves
 + Level 3.7 Armour
 - Level 2.4 Dodging
 - Level 2.4 Stealth
 + Level 15.2 Spellcasting
 + Level 2.6 Conjurations
 + Level 6.6 Charms
 + Level 2.6 Summonings
 + Level 12.2 Ice Magic
 + Level 3.0 Air Magic
 + Level 0.8 Earth Magic


You had 10 spell levels left.
You knew the following spells:

 Your Spells              Type           Power        Failure   Level  Hunger
a - Freeze                Ice            ####         1%          1    None
b - Frozen Ramparts       Ice            ######       1%          3    None
c - Ozocubu's Armour      Chrm/Ice       ######..     1%          3    None
d - Hailstorm             Conj/Ice       ######..     1%          4    None
e - Summon Ice Beast      Ice/Summ       ######..     1%          4    None
f - Stone Arrow           Conj/Erth      ####..       1%          3    None
g - Swiftness             Chrm/Air       #####...     1%          2    None
h - Shroud of Golubria    Chrm/Tloc      #####.       1%          2    None
i - Airstrike             Air            #####.....   3%          4    None
j - Lightning Bolt        Conj/Air       #####.....   9%          5    None

Your spell library contained the following spells:

 Spells                   Type           Power        Failure   Level  Hunger
 Irradiate                Conj/Tmut      ####......   16%         5    None
 Infusion                 Chrm           ####         1%          1    None
 Shock                    Conj/Air       ####         1%          1    None
 Song of Slaying          Chrm           ######..     1%          2    None
 Static Discharge         Conj/Air       #####...     1%          3    None
 Spectral Weapon          Hex/Chrm       #####...     2%          3    None


Dungeon Overview and Level Annotations

Branches:
Dungeon (13/15)            Temple (0/1) D:7            Lair (0/6) D:9
    Orc (0/2) D:12
 Vaults: D:13-14

Altars:
Ashenzari
Kikubaaqudgha
Makhleb
Qazlal
Ru
Vehumet
The Shining One

Annotations:
D:3 2 exclusions
D:5 1 exclusion
D:7 1 exclusion
D:8 1 exclusion
D:9 2 runed translucent doors
D:10 2 exclusions
D:11 exclusion: door


Message History

The frost giant hits your ice beast with a +1 battleaxe of freezing!
Your ice beast dies!
A vampire mosquito comes into view.
A kobold comes into view. It is quivering 2 poisoned darts.
Unknown command.
Unknown command.
Casting: Airstrike (dangerous; 3% risk of failure)
Confirm with . or Enter, or press ? or * to list all spells.
Aiming: Airstrike (dangerous; 3% risk of failure)
Press: ? - help, Dir - move target cursor, f/p - centaur warrior
Aim: a centaur warrior, wielding a +0 longbow and quivering 6 arrows (heavily wounded)
Okay, then.
Unknown command.
Casting: Airstrike (dangerous; 3% risk of failure)
Confirm with . or Enter, or press ? or * to list all spells.
A cannonade of hail descends around you!
Your ice beast is unaffected.
The hail pelts the centaur warrior!!
The centaur warrior is almost dead.
The centaur warrior shoots an arrow.
The arrow hits you!!
You die...

#........#
#........#
#........#
#........#
###.....÷..#
........÷..#
...........#
..........(+
.........@(###+##
........†.........
....$.Y((.........
...###c###........
..##...C.##.......
.##.##.##.##....##
.#.##.y.##.#......
.#K#.....#.#......
.................


You could see a frost giant, a centaur warrior, a vampire mosquito, a kobold and
a friendly ice beast (summoned).

Vanquished Creatures
  2 unseen horrors
  3 centaur zombies
  2 centaur skeletons (D:10)
  A kobold demonologist (D:11)
  A queen bee (D:9)
  2 slime creatures (D:12)
  A vampire (D:12)
  Sigmund (D:3)
  A wyvern (D:12)
  12 yaks
  A wraith (D:11)
  2 vampire mosquitoes (D:12)
  A warg (D:12)
  2 soldier ants
  A porcupine (D:9)
  3 orc warriors
  2 sky beasts
  3 black bears
  2 ice beasts
  5 phantoms
  A hornet zombie (D:12)
  11 ogres
  A centaur (D:10)
  2 big kobolds
  6 bullfrogs
  5 scorpions
  12 killer bees (D:9)
  7 wights
  A howler monkey (D:10)
  7 crimson imps
  4 hounds
  3 jellies
  8 orc priests
  Crazy Yiuf (D:2)
  10 orc wizards
  A bullfrog skeleton (D:8)
  3 iguanas
  Ijyb (D:3)
  11 worker ants
  2 hound skeletons (D:8)
  A howler monkey zombie (D:8)
  Robin (D:2)
  2 worker ant zombies
  13 adders
  A howler monkey skeleton (D:7)
  6 river rats (D:5)
  A shadow imp (D:5)
  An ooze (D:3)
  4 adder skeletons
  4 worms
  6 dart slugs
  6 leopard geckos
  24 orcs
  7 bats
  7 giant cockroaches
  11 goblins
  10 hobgoblins
  10 jackals
  12 quokkas
  6 ball pythons
  6 frilled lizards
  3 goblin skeletons (D:4)
  A jackal zombie (D:6)
  14 kobolds
  2 kobold skeletons (D:4)
  2 orc zombies (D:4)
  18 rats
  A fungus (D:9)
325 creatures vanquished.

Vanquished Creatures (collateral kills)
  A fire dragon (D:13)
  2 hydras
  3 two-headed ogres
  A centaur zombie (D:12)
  A centaur skeleton (D:12)
  A troll (D:12)
  A hippogriff (D:13)
  A slime creature (D:12)
  4 yaks (D:12)
  2 wraiths
  A vampire mosquito (D:12)
  A black bear (D:13)
  A crocodile (D:13)
  A big kobold (D:12)
  2 bullfrogs (D:12)
  A crimson imp (D:12)
  A hound (D:12)
  A jelly (D:12)
  An orc wizard (D:12)
  An iguana (D:12)
  An adder (D:12)
  An orc (D:12)
  A kobold (D:12)
  A plant (D:9)
32 creatures vanquished.

Vanquished Creatures (others)
  A fungus (D:6)
  2 plants (D:9)
  3 toadstools (D:6)
6 creatures vanquished.

Grand Total: 363 creatures vanquished

Notes
Turn   | Place    | Note
-------+----------+-------------------------------------------
     0 | D:1      | protoss039 the Deep Elf Ice Elementalist began the quest
                  | for the Orb.
     0 | D:1      | Reached XP level 1. HP: 10/10 MP: 6/6
   172 | D:1      | Reached XP level 2. HP: 15/15 MP: 6/8
   351 | D:1      | Reached skill level 5 in Ice Magic
   636 | D:1      | Reached XP level 3. HP: 19/19 MP: 6/10
  1167 | D:2      | Learned a level 3 spell: Frozen Ramparts
  1171 | D:2      | Learned a level 3 spell: Ozocubu's Armour
  1182 | D:2      | Reached skill level 4 in Spellcasting
  1390 | D:2      | Found a stormy altar of Qazlal.
  1512 | D:2      | Noticed a fire elemental
  1513 | D:2      | Noticed an earth elemental
  1513 | D:2      | Noticed a water elemental
  1513 | D:2      | Noticed an air elemental
  1728 | D:2      | Found a runed translucent door.
  1729 | D:2      | Noticed Crazy Yiuf
  1893 | D:2      | Reached XP level 4. HP: 18/24 MP: 9/12
  2127 | D:2      | Killed Crazy Yiuf
  2299 | D:3      | Reached skill level 5 in Spellcasting
  2432 | D:3      | Noticed Robin
  2563 | D:2      | Killed Robin
  2865 | D:3      | Reached XP level 5. HP: 21/28 MP: 9/14
  2993 | D:3      | Learned a level 4 spell: Hailstorm
  3356 | D:3      | Noticed Sigmund
  3371 | D:3      | Killed Sigmund
  3371 | D:3      | Reached skill level 6 in Spellcasting
  3371 | D:3      | Reached XP level 6. HP: 7/33 MP: 13/17
  3650 | D:3      | Reached skill level 1 in Fighting
  3654 | D:3      | Noticed Ijyb
  3666 | D:3      | Killed Ijyb
  4168 | D:4      | Found a shattered altar of Ashenzari.
  4172 | D:4      | Reached skill level 7 in Spellcasting
  4511 | D:4      | Found a sacrificial altar of Ru.
  4621 | D:4      | Found a glowing golden altar of the Shining One.
  4684 | D:4      | Reached skill level 1 in Short Blades
  4684 | D:4      | Reached XP level 7. HP: 29/38 MP: 15/19
  5665 | D:4      | Reached skill level 8 in Spellcasting
  5729 | D:5      | Entered Level 5 of the Dungeon
  6558 | D:5      | Reached skill level 1 in Charms
  6724 | D:5      | Reached XP level 8. HP: 43/43 MP: 19/22
  6872 | D:5      | Learned a level 4 spell: Summon Ice Beast
  6919 | D:5      | Found a glowing golden altar of the Shining One.
  7144 | D:6      | Reached skill level 1 in Armour
  7144 | D:6      | Reached skill level 9 in Spellcasting
  7169 | D:6      | Found a radiant altar of Vehumet.
  7169 | D:6      | Found a burning altar of Makhleb.
  7186 | D:6      | Became a worshipper of Vehumet
  8206 | D:6      | Reached skill level 10 in Spellcasting
  8453 | D:6      | Found an ancient bone altar of Kikubaaqudgha.
  8586 | D:7      | Reached XP level 9. HP: 32/48 MP: 23/25
  9010 | D:7      | Found a staircase to the Ecumenical Temple.
 10309 | D:8      | Reached * piety under Vehumet
 10309 | D:8      | Offered knowledge of Magic Dart by Vehumet.
 10467 | D:9      | Noticed a fire dragon
 10492 | D:9      | Noticed an ice dragon
 10492 | D:9      | Noticed an ice dragon
 10493 | D:9      | Found a runed translucent door.
 10493 | D:9      | Found a runed translucent door.
 10494 | D:9      | Found the +2 shield of Resistance {rF+ rC+ MR+}
 10494 | D:9      | Noticed a fire dragon
 10532 | D:9      | Reached skill level 11 in Spellcasting
 10633 | D:9      | Noticed a two-headed ogre
 10813 | D:9      | Reached skill level 10 in Ice Magic
 10933 | D:9      | Killed a two-headed ogre
 10933 | D:9      | Reached ** piety under Vehumet
 10933 | D:9      | Reached XP level 10. HP: 45/55 MP: 19/27
 10937 | D:9      | Offered knowledge of Shock by Vehumet.
 10998 | D:9      | Reached skill level 12 in Spellcasting
 11078 | D:9      | Found a staircase to the Lair.
 11353 | D:10     | Entered Level 10 of the Dungeon
 11397 | D:10     | Reached skill level 5 in Short Blades
 12041 | D:10     | Reached skill level 1 in Conjurations
 12498 | D:10     | Offered knowledge of Stone Arrow by Vehumet.
 12498 | D:10     | Reached skill level 5 in Charms
 12737 | D:10     | Reached skill level 13 in Spellcasting
 12797 | D:10     | Learned a level 3 spell: Stone Arrow
 12817 | D:10     | Killed an unseen horror
 12817 | D:10     | Reached XP level 11. HP: 43/60 MP: 25/30
 12903 | D:10     | Got an encrusted quarterstaff
 12906 | D:10     | Identified the +1 quarterstaff of the Undead {freeze, Int+2
                  | Dex+3} (You found it on level 10 of the Dungeon)
 13290 | D:11     | Got a translucent rapier
 13301 | D:11     | Identified the cursed +1 rapier "Duzad" {flame, rF- rN++}
                  | (You found it on level 11 of the Dungeon)
 13335 | D:11     | Noticed a five-headed hydra
 14082 | D:11     | Reached *** piety under Vehumet
 14166 | D:11     | Killed an unseen horror
 14386 | D:11     | Killed a five-headed hydra
 14978 | D:11     | Learned a level 2 spell: Swiftness
 14981 | D:11     | Learned a level 2 spell: Shroud of Golubria
 14986 | D:11     | Learned a level 4 spell: Airstrike
 14992 | D:11     | Learned a level 5 spell: Lightning Bolt
 15002 | D:12     | Offered knowledge of Olgreb's Toxic Radiance by Vehumet.
 15013 | D:12     | Reached skill level 14 in Spellcasting
 15020 | D:12     | Reached skill level 1 in Staves
 15129 | D:12     | Noticed a four-headed hydra
 15137 | D:12     | Killed a four-headed hydra
 15221 | D:12     | Reached skill level 1 in Summonings
 15816 | D:12     | Reached skill level 1 in Air Magic
 15977 | D:12     | Reached **** piety under Vehumet
 15978 | D:12     | Noticed a two-headed ogre
 16168 | D:12     | Offered knowledge of Irradiate by Vehumet.
 16598 | D:12     | Killed a two-headed ogre
 16655 | D:12     | Found a staircase to the Orcish Mines.
 17013 | D:13     | Noticed a two-headed ogre
 17015 | D:13     | Noticed a fire dragon
 17023 | D:13     | Killed a two-headed ogre
 17023 | D:13     | Reached skill level 15 in Spellcasting
 17023 | D:13     | Reached XP level 12. HP: 65/65 MP: 20/33
 17029 | D:13     | Killed a fire dragon
 17128 | D:13     | Noticed a centaur warrior
 17133 | D:13     | Noticed a frost giant
 17141 | D:13     | Shot with an arrow by a centaur warrior

Illustrated notes

Levels and vault maps discovered:
D:1:      erik_arrival_orb_chamber, layout_basic
D:2:      layout_loops_ring, grunt_ministairs_15, kennysheep_nondescript,
          nicolae_qazlal_style_of_elements, uniq_crazy_yiuf_cottage
D:3:      layout_basic, first_ration, uniq_robin, uniq_ijyb, uniq_sigmund
D:4:      layout_loops_ring, nicolae_overflow_crystal_walls,
          nicolae_ru_sacrificial_ziggurat, nicolae_tso_besieged_by_evil
D:5:      lemuel_ratsnest, layout_rooms, kennysheep_mini_moat
D:6:      layout_loops_ring, grunt_temple_overflow_lords_of_destruction,
          kennysheep_mini, minmay_gold_behind_fungi, skrybe_limestone_x
D:7:      layout_cave_pools, minmay_temple_entry_stoned_glass, serial_rivers,
          chequers_serial_rivers_room_b, chequers_serial_rivers_micro_c,
          chequers_serial_rivers_micro_a, chequers_serial_rivers_micro_c
D:8:      layout_cave_pools
D:9:      layout_rooms, grunt_lair_entry_orc_guard_hut, david_nohive_1,
          minmay_guarded_unrand_resistance
D:10:     minmay_slanted_spiral_squares, layout_long_grid
D:11:     layout_gridville, st_stairs_12, nrook_campfire
D:12:     layout_cave_pools, david_orc_3, gauntlet_entry_generic
D:13:     minmay_strange_plus, layout_gridville, david_vaults_4, uniq_urug,
          uniq_maurice

Skill      XL: |  1  2  3  4  5  6  7  8  9 10 11 12 |
---------------+-------------------------------------+-----
Ice Magic      | 5 6 7 8 10 11 12 | 12.2
Spellcasting   | 4 5 6 7 8 10 11 13 15 | 15.2
Fighting       | 1 2 3 |  3.6
Short Blades   | 1 2 3 4 5 |  5.8
Charms         | 1 2 4 5 6 |  6.6
Armour         | 2 3 |  3.7
Conjurations   | 1 2 |  2.6
Staves         | 2 |  2.7
Summonings     | 2 |  2.6
Air Magic      | 2 3 |  3.0
Dodging        | |  2.4
Stealth        | |  2.4
Earth Magic    | |  0.8

Action                   |  1- 3 |  4- 6 |  7- 9 | 10-12 || total
-------------------------+-------+-------+-------+-------++-------
Melee: Unarmed           |    34 |       |       |       ||    34
       Quarterstaff      |       |    13 |       |   112 ||   125
       Dagger            |       |    66 |   318 |       ||   384
       Short sword       |       |       |    37 |   111 ||   148
 Cast: Freeze            |    56 |    58 |    53 |    37 ||   204
       Frozen Ramparts   |     1 |    11 |    53 |    30 ||    95
       Ozocubu's Armour  |       |     5 |    40 |    53 ||    98
       Hailstorm         |       |       |     5 |    32 ||    37
       Summon Ice Beast  |       |       |     1 |    36 ||    37
       Airstrike         |       |       |       |    43 ||    43
       Stone Arrow       |       |       |       |    19 ||    19
       Lightning Bolt    |       |       |       |     4 ||     4
       Swiftness         |       |       |       |     4 ||     4
       Shroud of Golubri |       |       |       |     3 ||     3
  Use: Scroll            |       |       |    11 |    11 ||    22
       Potion            |       |       |     3 |     1 ||     4
 Stab: Sleeping          |     3 |     4 |     4 |     2 ||    13
       Distracted        |       |       |       |     1 ||     1
  Eat: Chunk             |     3 |     9 |    16 |    16 ||    44
       Ration            |       |       |     1 |     1 ||     2
Armor: Robe              |    14 |    12 |       |       ||    26
       Leather armour    |       |    24 |   163 |   157 ||   344
Dodge: Dodged            |    63 |    76 |   244 |   154 ||   537
